 Dungeon Sprint DCSS version 0.22.1-2-g9c5b331383 (webtiles) character file.

386 Morrissey the Insei (level 6, -15/61 (62) HPs)
             Began as a Naga Transmuter on Nov 17, 2018.
             Was a High Priest of Cheibriados.
             Demolished by a merfolk impaler
             ... wielding a +0 trident of piercing
              (24 damage)
             ... in the Dungeon (Sprint VII: "The Pits").
             The game lasted 00:03:46 (851 turns).

Morrissey the Insei (Naga Transmuter)                Turns: 851, Time: 00:03:46

HP:   -15/61 (62)   AC:  3    Str: 25    XL:     6   Next: 78%
MP:   10/14         EV: 10    Int: 26    God:    Cheibriados [*****.]
Gold: 0             SH:  0    Dex: 27    Spells: 3/16 levels left

rFire    . . .     SeeInvis +     - Unarmed
rCold    . . .     Gourm    .   (shield currently unavailable)
rNeg     . . .     Faith    .   o - +0 robe
rPois    +         Spirit   .   (no helmet)
rElec    .         Reflect  .   (no cloak)
rCorr    .         Harm     .   (gloves currently unavailable)
MR       .....     NoTele   +   (no barding)
Stlth    ++++......             (no amulet)
HPRegen  0.20/turn              (no ring)
MPRegen  0.14/turn              (no ring)

@: blade hands, very slow
A: large, see invisible, deformed body, poison resistance, slowness 2, slow
metabolism 1, spit poison 1, AC +2
a: Spit Poison, End Transformation, Bend Time, Temporal Distortion, Slouch, Step
From Time, Renounce Religion


You were in the Dungeon.
You worshipped Cheibriados.
Cheibriados was extremely pleased with you.
You were not hungry.
You had blades for hands.
You visited 1 branch

Inventory:

Missiles
 a - 12 arrows
Armour
 o - a +0 robe (worn)
Magical Staves
 b - an uncursed staff of energy
Scrolls
 j - a scroll of blinking
 l - 3 scrolls of remove curse
 m - 5 scrolls of amnesia
 n - a scroll of summoning
Potions
 c - 5 potions of heal wounds
 e - 6 potions of curing
 g - a potion of haste
 h - 4 potions of magic
 i - 3 potions of berserk rage
 k - a potion of invisibility
Comestibles
 d - 8 rations


   Skills:
 + Level 6.0 Fighting
 - Level 1.5 Dodging
 - Level 6.6 Stealth
 + Level 6.7 Unarmed Combat
 - Level 5.6 Spellcasting
 + Level 6.4 Transmutations
 + Level 1.3 Ice Magic
 + Level 5.8 Invocations


You had 3 spell levels left.
You knew the following spells:

 Your Spells              Type           Power        Failure   Level  Hunger
a - Beastly Appendage     Tmut           #####.       12%         1    None
b - Spider Form           Tmut/Pois      ###.......   36%         3    #......
c - Blade Hands           Tmut           #####.....   54%         5    #####..
d - Ice Form              Ice/Tmut       ####....     54%         4    ###....

Your spell library contained the following spells:

 Spells                   Type           Power        Failure   Level  Hunger
 Sticks to Snakes         Tmut           #####...     14%         2    None


Dungeon Overview and Level Annotations

Branches:
Dungeon (1/1)

Altars:
Ashenzari
Cheibriados
Dithmenos
Elyvilon
Fedhas
Gozag
Hepliaklqana
Kikubaaqudgha
Makhleb
Nemelex Xobeh
Okawaru
Qazlal
Ru
Sif Muna
Trog
Uskayaw
Vehumet
Wu Jian
Xom
Yredelemnul
Zin
The Shining One
Beogh
Jiyva
Lugonu


Innate Abilities, Weirdness & Mutations

You cannot wear boots.
Your serpentine skin is tough. (AC +2)
You have supernaturally acute eyesight. (SInv)
Armour fits poorly on your strangely shaped body.
Your system is resistant to poisons. (rPois)
You cover ground very slowly.
You have a slow metabolism.
You can spit poison.


Message History

There is an open door here.
Things that are here:
an enchanted dagger; a robe You open the door.
A merfolk impaler comes into view. It is wielding a trident of piercing.
There is an open door here.
The helpless merfolk impaler fails to defend itself.
You slice the merfolk impaler!! Your slash misses the merfolk impaler.
The merfolk impaler is moderately wounded.
The merfolk impaler hits you with a trident of piercing!!
The merfolk impaler barely misses you.
You slash the merfolk impaler!
The merfolk impaler is heavily wounded.
The merfolk impaler hits you with a trident of piercing!!
* * * LOW HITPOINT WARNING * * *
x2 You slice the merfolk impaler!!
The merfolk impaler is severely wounded.
The merfolk impaler completely misses you.
The merfolk impaler hits you with a trident of piercing!!
You die...

#.#........##.......#
#.#........##.......#
#÷###########.......#
#.......# #########
#..÷#...# #...#...#
#.##÷##.#+#
#...#...#m+
#...#...#@#
#.......).#
###########


You could see a merfolk impaler.

Vanquished Creatures
  A hungry ghost (D)
  A water moccasin (D)
  A necrophage (D)
  A wight (D)
  A gnoll (D)
  An ufetubus (D)
  An ooze (D)
  A leopard gecko (D)
  A bat skeleton (D)
  A giant cockroach (D)
  A hobgoblin (D)
  A ball python (D)
  3 bats (D)
  A rat (D)
16 creatures vanquished.

Notes
Turn   | Place    | Note
-------+----------+-------------------------------------------
     0 | D        | Morrissey the Naga Transmuter began the quest for the Orb.
     0 | D        | Reached XP level 1. HP: 18/18 MP: 3/3
    48 | D        | Found a bloodstained altar of Trog.
    48 | D        | Found a deep blue altar of Sif Muna.
    48 | D        | Found a viscous altar of Jiyva.
    48 | D        | Found a hazy altar of Hepliaklqana.
    48 | D        | Found an opulent altar of Gozag.
    49 | D        | Found a glowing golden altar of the Shining One.
    49 | D        | Found a glowing silver altar of Zin.
    49 | D        | Found a basalt altar of Yredelemnul.
    49 | D        | Found a shimmering altar of Xom.
    49 | D        | Found an ornate altar of the Wu Jian Council.
    49 | D        | Found a sacrificial altar of Ru.
    49 | D        | Found a stormy altar of Qazlal.
    49 | D        | Found an iron altar of Okawaru.
    49 | D        | Found a sparkling altar of Nemelex Xobeh.
    49 | D        | Found a burning altar of Makhleb.
    49 | D        | Found a blossoming altar of Fedhas.
    49 | D        | Found a white marble altar of Elyvilon.
    49 | D        | Found a shadowy altar of Dithmenos.
    49 | D        | Found a snail-covered altar of Cheibriados.
    51 | D        | Found a corrupted altar of Lugonu.
    51 | D        | Found a radiant altar of Vehumet.
    51 | D        | Found a roughly hewn altar of Beogh.
    52 | D        | Found a shattered altar of Ashenzari.
    52 | D        | Found an ancient bone altar of Kikubaaqudgha.
    52 | D        | Found a hide-covered altar of Uskayaw.
    77 | D        | Became a worshipper of Cheibriados the Contemplative
   105 | D        | Reached * piety under Cheibriados
   105 | D        | Reached XP level 2. HP: 1/26 MP: 2/5
   407 | D        | Reached ** piety under Cheibriados
   449 | D        | Reached *** piety under Cheibriados
   449 | D        | Reached XP level 3. HP: 31/33 MP: 4/7
   502 | D        | Noticed a necrophage
   503 | D        | Noticed a hungry ghost
   517 | D        | Killed a hungry ghost
   517 | D        | Reached **** piety under Cheibriados
   517 | D        | Reached skill level 5 in Unarmed Combat
   517 | D        | Reached XP level 4. HP: 35/44 MP: 7/10
   517 | D        | Reached XP level 5. HP: 39/50 MP: 7/11
   547 | D        | Killed a necrophage
   547 | D        | Reached skill level 5 in Fighting
   547 | D        | Reached skill level 5 in Spellcasting
   547 | D        | Reached skill level 5 in Transmutations
   547 | D        | Reached XP level 6. HP: 51/60 MP: 10/13
   592 | D        | Noticed a water moccasin
   598 | D        | Killed a water moccasin
   598 | D        | Reached ***** piety under Cheibriados
   598 | D        | Reached skill level 5 in Invocations
   830 | D        | Learned a level 3 spell: Spider Form
   836 | D        | Learned a level 5 spell: Blade Hands
   841 | D        | Learned a level 4 spell: Ice Form
   845 | D        | Reached skill level 1 in Ice Magic
   847 | D        | Noticed a merfolk impaler
   851 | D        | Demolished by a merfolk impaler

Skill      XL: |  1  2  3  4  5  6 |
---------------+-------------------+-----
Stealth        | 3 6 |  6.6
Fighting       | 2 4 5 6 |  6.0
Transmutations | 3 4 5 6 |  6.4
Spellcasting   | 3 4 5 |  5.6
Unarmed Combat | 5 6 |  6.7
Invocations    | 3 4 5 |  5.8
Ice Magic      | 1 |  1.3
Dodging        | |  1.5

Action                   |  1- 3 |  4- 6 || total
-------------------------+-------+-------++-------
Melee: Unarmed           |    29 |    18 ||    47
       Headbutt          |     5 |     2 ||     7
       Punch             |       |     1 ||     1
 Cast: Beastly Appendage |     5 |     2 ||     7
       Blade Hands       |       |     1 ||     1
 Abil: Spit Poison       |     2 |       ||     2
  Use: Potion            |     2 |       ||     2
 Stab: Sleeping          |       |     1 ||     1
  Eat: Ration            |       |     1 ||     1
Armor: Robe              |     7 |     3 ||    10
Dodge: Dodged            |    17 |     7 ||    24
